AoeStats
← Hekimoglu

Arena

510397477Analyzed
4v4 RM · 2d ago on Sep 30, 2026· 41m 31s· 8 players
Game mode
Random Map
Map size
Large (8 player)
Population
200
Speed
Normal
Resources
Standard
Victory
Conquest
Starting age
Dark Age
Ending age
Imperial Age
RankedLock teamsTeams togetherTeam positionsShared explorationLock speedFull tech treeHidden civsTurbo modeCheats
Victory
Defeat
🇩🇪 Britons · Germany
1446
+10
🇩🇪 Cumans · Germany
1328
+15
1276
+17
🇲🇽 Cumans · Mexico
1263
+17
🇹🇷 Bohemians · Türkiye
1337
-16
🇵🇱 Varangians · Poland
1316
-15
🇧🇴 Dravidians · Bolivia
1306
-15
🇹🇷 Inca · Türkiye
1263
-13
Hekimoglu
9:57 Feudal Age
11:07 Double-Bit Axe
11:32 Horse Collar
12:08 Loom
15:18 Castle Age
17:56 Wheelbarrow
18:13 Fervor
19:49 Bow Saw
22:52 Heavy Plow
23:49 Sanctity
24:50 Hand Cart
25:50 Town Watch
29:15 Imperial Age
28:35 Chemistry
27:48 Masonry
27:59 Ballistics
27:41 Scale Mail Armor
27:52 Forging
29:20 Chain Mail Armor
28:50 Pikeman
29:30 Squires
30:40 Iron Casting
29:27 Halberdier
30:41 Fletching
31:22 Plate Mail Armor
32:31 Conscription
33:39 Elite Skirmisher
35:02 Bodkin Arrow
36:07 Blast Furnace
35:08 Padded Archer Armor
35:48 Bracer
35:55 Siege Engineers
36:20 Architecture
37:48 Houfnice
39:30 Hussite Reforms
39:33 Wagenburg Tactics
vojtechoose
10:52 Feudal Age
14:58 Castle Age
13:26 Double-Bit Axe
13:59 Horse Collar
16:57 Wheelbarrow
17:46 Wheelbarrow
20:16 Bow Saw
21:04 Loom
21:04 Town Watch
22:58 Heavy Plow
23:42 Hand Cart
25:01 Stone Mining
25:29 Forging
25:24 Scale Barding Armor
27:34 Husbandry
30:34 Imperial Age
28:22 Masonry
29:10 Squires
28:56 Arson
29:33 Chain Barding Armor
29:49 Iron Casting
29:14 Scale Mail Armor
29:06 Fletching
30:08 Bloodlines
29:32 Pikeman
30:21 Town Patrol
32:13 Conscription
32:58 Two-Man Saw
31:52 Light Cavalry
32:43 Gambesons
33:56 Plate Barding Armor
34:20 Chain Mail Armor
35:05 Blast Furnace
34:41 Elite Varangian Guard
36:48 Plate Mail Armor
37:18 Hussar
EşrefÇift
10:43 Feudal Age
10:52 Loom
15:05 Castle Age
12:59 Double-Bit Axe
13:09 Horse Collar
13:42 Stone Mining
19:07 Bow Saw
21:40 Wheelbarrow
21:32 Heavy Plow
21:34 Gold Mining
24:20 Hand Cart
25:48 Gold Shaft Mining
27:19 Fletching
28:08 Scale Mail Armor
29:39 Pikeman
33:41 Squires
33:28 Arson
36:33 Imperial Age
35:03 Chain Mail Armor
35:00 Forging
37:09 Elite Skirmisher
38:59 Bodkin Arrow
Zx0mB0Y
11:03 Feudal Age
12:20 Horse Collar
15:14 Castle Age
14:10 Double-Bit Axe
20:19 Bow Saw
22:55 Heavy Plow
23:55 Wheelbarrow
23:43 Gold Mining
24:34 Stone Mining
24:31 Loom
29:46 Imperial Age
27:42 Fletching
28:21 Ballistics
28:33 Bodkin Arrow
28:40 Padded Archer Armor
29:20 Thumb Ring
30:06 Leather Archer Armor
29:57 Scale Barding Armor
30:21 Hand Cart
29:55 Town Watch
30:08 Elite Elephant Archer
31:20 Ring Archer Armor
32:13 Chemistry
32:16 Bracer
33:33 Fortified Wall
33:51 Masonry
34:35 Chain Barding Armor
35:21 Town Patrol
35:44 Arrowslits
37:10 Husbandry
38:32 Hoardings
Caronte
8:39 Feudal Age
9:24 Double-Bit Axe
10:51 Horse Collar
20:20 Castle Age
18:51 Town Watch
19:41 Wheelbarrow
21:33 Hand Cart
23:57 Heavy Plow
24:12 Bow Saw
24:00 Loom
29:36 Imperial Age
28:27 Forging
28:22 Scale Barding Armor
28:34 Masonry
29:24 Ballistics
29:26 Fletching
29:46 Padded Archer Armor
30:23 Iron Casting
29:28 Elite Skirmisher
30:13 Thumb Ring
30:06 Bodkin Arrow
30:34 Chain Barding Armor
31:21 Two-Man Saw
30:53 Crop Rotation
31:47 Conscription
32:26 Hoardings
33:57 Chemistry
33:15 Stone Mining
33:16 Gold Mining
35:24 Bloodlines
34:34 Cavalier
35:06 Capped Ram
36:14 Leather Archer Armor
37:00 Blast Furnace
36:35 Plate Barding Armor
35:24 Light Cavalry
37:07 Siege Ram
39:05 Siege Ram
40:18 Ring Archer Armor
39:18 Paladin
Agent
10:01 Feudal Age
12:33 Wheelbarrow
11:49 Double-Bit Axe
11:54 Horse Collar
23:09 Castle Age
21:23 Loom
22:00 Scale Barding Armor
22:07 Forging
21:52 Gold Mining
23:26 Stone Mining
24:07 Bloodlines
24:39 Gold Shaft Mining
25:30 Chain Barding Armor
26:44 Iron Casting
34:46 Capped Ram
38:12 Imperial Age
35:58 Bow Saw
38:47 Elite Steppe Lancer
40:35 Hand Cart
40:22 Heavy Plow
41:34 Plate Barding Armor
42:00 Blast Furnace
Blade
11:20 Feudal Age
11:46 Feudal Age
15:55 Castle Age
13:50 Double-Bit Axe
13:49 Horse Collar
16:14 Wheelbarrow
17:48 Bow Saw
17:40 Heavy Plow
26:04 Imperial Age
23:41 Gold Mining
23:50 Town Watch
24:01 Fletching
24:26 Padded Archer Armor
25:39 Bodkin Arrow
26:02 Leather Archer Armor
27:19 Bracer
28:25 Ballistics
29:06 Chemistry
29:18 Conscription
30:29 Ring Archer Armor
30:54 Elite Longbowman
36:05 Loom
37:12 Town Patrol
39:53 Warwolf
IchBinNedDerDracheVerdammteAggsd
11:53 Feudal Age
14:33 Castle Age
12:45 Horse Collar
13:22 Loom
14:05 Double-Bit Axe
21:55 Bow Saw
22:14 Heavy Plow
24:10 Wheelbarrow
24:25 Gold Mining
24:56 Stone Mining
25:45 Gold Shaft Mining
25:32 Hand Cart
29:11 Imperial Age
26:27 Town Watch
27:33 Forging
27:29 Scale Barding Armor
28:10 Stone Shaft Mining
29:01 Iron Casting
28:41 Fortified Wall
28:44 Masonry
29:14 Bloodlines
29:05 Husbandry
29:33 Heavy Scorpion
29:37 Elite Battle Elephant
30:41 Chain Barding Armor
31:26 Blast Furnace
31:30 Crop Rotation
31:37 Conscription
31:19 Tusk Swords
31:21 Double Crossbow
33:10 Plate Barding Armor
33:41 Siege Engineers
34:37 Chemistry
Connection lost

Rejoining the realm…

Still unreachable

The connection could not be restored.

Session expired

The server has moved on; the page needs a fresh start.